 Seeded DCSS version 0.29.1-13-g9f3cf754e1 (webtiles) character file.

Game seed: 20230120 (custom seed)

559 stormannn the Magician (level 7, -3/52 HPs)
             Began as a Djinni Fire Elementalist on Jan 20, 2023.
             Slain by a phantom (7 damage)
             ... on level 5 of the Dungeon.
             The game lasted 00:03:52 (5645 turns).

stormannn the Magician (Djinni Fire Elementalist)   Turns: 5645, Time: 00:03:53

Health: -3/52      AC:  2    Str:  7    XL:     7   Next: 57%
Gold:   183        EV: 12    Int: 19    God:
                   SH:  0    Dex: 13

rFire   + . .      SeeInvis .   (no weapon)
rCold   + . .      Faith    .   (no shield)
rNeg    . . .      Spirit   .   a - +0 robe
rPois   ∞          Reflect  .   (no helmet)
rElec   .          Harm     .   (no cloak)
rCorr   .          Rampage  .   (no gloves)
Will    .....                   (boots unavailable)
Stlth   ++........              (no amulet)
HPRegen 0.17/turn               h - ring of protection from cold
MPRegen 0.00/turn               o - ring of ice

@: flying
A: sickness immunity, fire resistance 2, cold vulnerability 1, float, innate
caster, HP casting, extra vitality 1
a: no special abilities


You were on level 5 of the Dungeon.
You visited 1 branch of the dungeon, and saw 5 of its levels.

You collected 183 gold pieces.

Inventory:

Armour
 a - a +0 robe (worn)
Jewellery
 h - a ring of protection from cold (left hand)
 o - a ring of ice (right hand)
Wands
 k - a wand of flame (38)
Scrolls
 b - a scroll of fear {unknown}
 d - 2 scrolls of poison {unknown}
 e - 2 scrolls of identify {unknown}
 f - a scroll of noise {unknown}
 g - a scroll of brand weapon {unknown}
 l - a scroll of enchant armour {unknown}
 n - a scroll of vulnerability {unknown}
 r - 3 scrolls of teleportation {unknown}
 s - 3 scrolls of summoning {unknown}
Potions
 c - a potion of degeneration {unknown}
 i - a potion of berserk rage {unknown}
 j - 2 potions of mutation {unknown}
 m - a potion of flight {unknown}
 p - a potion of ambrosia {unknown}
 q - a potion of heal wounds {unknown}


   Skills:
 + Level 4.0 Fighting
 - Level 2.1 Dodging
 - Level 1.5 Stealth
 * Level 5.3 Spellcasting


You couldn't memorise any spells.
You knew the following spells:

 Your Spells              Type           Power      Damage    Failure   Level
a - Foxfire               Conj/Fire      100%       2x1d9     1%          1
b - Scorch                Fire           50%        2d7       1%          2
c - Conjure Flame         Conj/Fire      25%        6-21      4%          3
d - Inner Flame           Hex/Fire       25%        N/A       4%          3
e - Flame Wave            Conj/Fire      25%        2d8       13%         4
f - Apportation           Tloc           50%        N/A       1%          1
g - Wereblood             Tmut           25%        N/A       1%          2
h - Call Canine Familiar  Summ           25%        N/A       4%          3
Your spell library was empty.

Dungeon Overview and Level Annotations

Branches:
Dungeon (5/15)
 Temple: D:4-7

Altars:
Nemelex Xobeh


Innate Abilities, Weirdness & Mutations

You are immune to sickness and miasma.
You are immune to poison.
Your flesh is very heat resistant. (rF++)
You are vulnerable to cold. (rC-)
You float through the air rather than walking.
You learn spells naturally, not from books.
Your magical power is your life essence.
You have superior vitality. (+4 MHP)


Message History

Your Fighting skill increases to level 4!
Casting: Scorch (safe; 1% risk of failure)
Confirm with . or Enter, or press ? or * to list all spells.
Flames lash the phantom.
The phantom is heavily damaged.
* * * LOW HITPOINT WARNING * * *
The phantom barely misses you.
Casting: Scorch (safe; 1% risk of failure)
Confirm with . or Enter, or press ? or * to list all spells.
You conjure some foxfire!
* * * LOW HITPOINT WARNING * * *
The phantom misses you.
Unknown command.
Casting: Foxfire (safe; 1% risk of failure)
Confirm with . or Enter, or press ? or * to list all spells.
You conjure some foxfire!
* * * LOW HITPOINT WARNING * * *
The foxfire hits the phantom.
The phantom is burned terribly!
The phantom is heavily damaged.
The foxfire hits the phantom.
The phantom is burned terribly!
The phantom is severely damaged.
The phantom misses you.
Casting: Foxfire (safe; 1% risk of failure)
Confirm with . or Enter, or press ? or * to list all spells.
You conjure some foxfire!
* * * LOW HITPOINT WARNING * * *
The foxfire hits the phantom!
The phantom is burned terribly!
The phantom is almost destroyed.
The foxfire hits the phantom but does no damage.
The phantom is almost destroyed.
The phantom hits you.
* * * LOW HITPOINT WARNING * * *
The phantom blinks!
You blink.
A centaur comes into view.
Casting: Foxfire (safe; 1% risk of failure)
Confirm with . or Enter, or press ? or * to list all spells.
You conjure some foxfire!
* * * LOW HITPOINT WARNING * * *
The phantom hits you!
You die...

........§§.###
#†...†<.§...#
#....†..§....####
..............#...
.##........#......
...#......##...#.
....#####.........
..# ###.##Wv....#
.. #.....@...#.#
#c.#..v.### #....#
....... ##.......
......### .#....##
..#...##


You could see a phantom (combustible, ally target) and a centaur (asleep).

Vanquished Creatures
  2 black bears
  Blork the orc (D:4)
  2 scorpions (D:5)
  A howler monkey (D:5)
  A hound (D:2)
  Robin (D:2)
  4 adders
  3 dart slugs
  5 orcs (D:3)
  5 endoplasms
  6 giant cockroaches
  11 goblins
  8 hobgoblins
  3 jackals (D:1)
  3 quokkas
  10 ball pythons
  4 bats
  3 frilled lizards
  13 kobolds
  5 rats
91 creatures vanquished.

Vanquished Creatures (collateral kills)
  A foxfire (D:1)
1 creature vanquished.

Vanquished Creatures (others)
  415 foxfires
415 creatures vanquished.

Grand Total: 507 creatures vanquished

Notes
Turn   | Place    | Note
-------+----------+-------------------------------------------
     0 | D:1      | stormannn the Djinni Fire Elementalist began the quest for
                  | the Orb.
     0 | D:1      | stormannn set off with the following spells memorised:
                  | Foxfire, Scorch, Conjure Flame, Inner Flame, Flame Wave.
     0 | D:1      | Reached XP level 1. HP: 15/15 MP: 0/0
   211 | D:1      | Reached XP level 2. HP: 7/22 MP: 0/0
  1117 | D:1      | Reached skill level 1 in Fighting
  1321 | D:1      | Reached XP level 3. HP: 24/27 MP: 0/0
  1321 | D:1      | Learned a level 1 spell: Apportation
  1390 | D:1      | Found a faded altar of an unknown god.
  1416 | D:1      | Reached skill level 3 in Spellcasting
  2127 | D:2      | Reached XP level 4. HP: 19/33 MP: 0/0
  2499 | D:2      | Noticed Robin
  2505 | D:2      | Killed Robin
  2629 | D:2      | Identified the +2 robe "Jatwef" {Rampage *Corrode Dex+2}
  3015 | D:2      | Reached XP level 5. HP: 36/38 MP: 0/0
  3015 | D:2      | Learned a level 2 spell: Wereblood
  4077 | D:3      | Reached skill level 4 in Spellcasting
  4655 | D:4      | Noticed a black bear
  4659 | D:4      | Noticed Blork the orc
  4663 | D:4      | Killed a black bear
  4664 | D:4      | Reached XP level 6. HP: 37/46 MP: 0/0
  4667 | D:4      | Killed Blork the orc
  5395 | D:4      | Found a sparkling altar of Nemelex Xobeh.
  5514 | D:4      | Identified the +1 robe of Otoned {Will+}
  5623 | D:5      | Entered Level 5 of the Dungeon
  5623 | D:5      | Noticed a black bear
  5628 | D:5      | Reached XP level 7. HP: 47/50 MP: 0/0
  5628 | D:5      | Learned a level 3 spell: Call Canine Familiar
  5631 | D:5      | Reached skill level 5 in Spellcasting
  5645 | D:5      | Slain by a phantom

Illustrated notes

Levels and vault maps discovered:
D:1:      psy_arrival_conway, layout_basic,
          shapermc_ecumenical_altar_mp_ritualfount
D:2:      minmay_door_path, layout_rooms, grunt_ministairs_12, uniq_robin
D:3:      kb_forest_paths, layout_loops_cross
D:4:      layout_loops_ring, lemuel_doored_altar, nrook_mini_backslash,
          uniq_blork_the_orc
D:5:      layout_cave_pools, mainiacjoe_overflow_paths, elyvilon_altar_3,
          minmay_temple_entry_junction

Skill      XL: |  1  2  3  4  5  6  7 |
---------------+----------------------+-----
Fighting       | 1 2 3 4 |  4.0
Spellcasting   | 3 4 5 |  5.3
Dodging        | |  2.1
Stealth        | |  1.5

Action                   |  1- 3 |  4- 6 |  7- 9 || total
-------------------------+-------+-------+-------++-------
 Cast: Foxfire           |    95 |   182 |    12 ||   289
       Scorch            |       |    18 |     6 ||    24
Armor: Robe              |     2 |     3 |       ||     5
Dodge: Dodged            |     9 |    10 |     8 ||    27
